 Dungeon Crawl Stone Soup version 0.23-a0-635-g88ca12a (webtiles) character file.

212 Leeroy the Slasher (level 5, 0/39 HPs)
             Began as a Barachi Skald on Dec 27, 2018.
             Succumbed to a worker ant's poison
             ... on level 3 of the Dungeon.
             The game lasted 00:08:49 (2812 turns).

Leeroy the Slasher (Barachi Skald)                  Turns: 2812, Time: 00:08:50

Health: 0/39       AC:  4    Str: 13    XL:     5   Next: 89%
Magic:  2/8        EV: 12    Int: 14    God:
Gold:   202        SH:  0    Dex: 11    Spells: 4/8 levels left

rFire    . . .     SeeInvis .   v - +6 club
rCold    . . .     Gourm    .   (no shield)
rNeg     . . .     Faith    .   b - +0 leather armour
rPois    .         Spirit   .   q - +0 helmet
rElec    .         Reflect  .   (no cloak)
rCorr    .         Harm     .   (no gloves)
MR       .....                  (no boots)
Stlth    +.........             (no amulet)
HPRegen  0.13/turn              (no ring)
MPRegen  0.11/turn              (no ring)

@: lethally poisoned (0 -> -21), very slightly contaminated, hasted, invisible,
quick
A: +LOS, swims, slowness 1, strong legs 1
a: Hop


You were on level 3 of the Dungeon.
You were not hungry.

You visited 1 branch of the dungeon, and saw 4 of its levels.

You collected 202 gold pieces.

Inventory:

Hand Weapons
 a - a +0 falchion
 g - a +0 dagger
 h - a +0 short sword
 n - a +0 hand axe
 v - a +6 club (weapon)
 x - a +0 hunting sling
 y - a +4 hunting sling
 D - a +2 falchion of electrocution
Missiles
 e - 148 stones (quivered)
 r - 8 poisoned needles
 B - 21 arrows
 C - 23 sling bullets
Armour
 b - a +0 leather armour (worn)
 q - a +0 helmet (worn)
 A - a cursed +0 ring mail
Jewellery
 k - an uncursed ring of poison resistance {unknown}
 u - an uncursed ring of protection from magic {unknown}
Wands
 l - a wand of random effects (5)
Scrolls
 c - a scroll of amnesia
 i - a scroll of remove curse
 o - a scroll of identify
 p - a scroll of magic mapping {unknown}
 s - a scroll of enchant weapon {unknown}
Potions
 m - a potion of degeneration {unknown}
 t - a potion of magic {unknown}
 w - a potion of lignification {unknown}
 z - a potion of ambrosia {unknown}
Comestibles
 d - 4 rations
 E - 2 chunks of flesh


   Skills:
 - Level 2.4 Fighting
 + Level 7.0 Long Blades
 - Level 1.2 Armour
 - Level 2.1 Dodging
 - Level 2.1 Spellcasting
 * Level 1.0 Hexes
 - Level 3.2 Charms


You had 4 spell levels left.
You knew the following spells:

 Your Spells              Type           Power        Failure   Level  Hunger
a - Infusion              Chrm           ##..         8%          1    #......
b - Spectral Weapon       Hex/Chrm       #.......     36%         3    ###....

Your spell library contained the following spells:

 Spells                   Type           Power        Failure   Level  Hunger
 Song of Slaying          Chrm           ##......     12%         2    ###....
 Shroud of Golubria       Chrm/Tloc      #.........   22%         2    ###....
 Regeneration             Chrm/Necr      #.........   41%         3    ###....


Dungeon Overview and Level Annotations

Branches:
Dungeon (4/15)
 Temple: D:4-7

Altars:
Elyvilon
Fedhas
Gozag
Makhleb
Qazlal

Annotations:
D:3 3 runed doors, CcS's ghost, amateur DDEE


Innate Abilities, Weirdness & Mutations

Shadows flee at your approach. (+LOS)
You can swim through water.
You cover ground slowly.
You can hop short distances.


Message History

* * * LOW HITPOINT WARNING * * *
The worker ant bites you but does no damage.
The hound closely misses you.
It was a potion of haste.
You feel yourself speed up.
* * * LOW HITPOINT WARNING * * *
You feel sick. The hound bites you.
* * * LOW HITPOINT WARNING * * *
The worker ant bites you but does no damage.
You hit the worker ant.
The worker ant is almost dead.
* * * LOW HITPOINT WARNING * * *
You feel sick.
Your spectral weapon closely misses the worker ant.
The hound bites you but does no damage. The worker ant bites you.
* * * LOW HITPOINT WARNING * * *
You are more poisoned.
The worker ant poisons you! The hound barely misses you.
It was a potion of invisibility.
You fade into invisibility!
You die...

##..# #...#.........# #.....#
..#.## ###.P.#..######## #.....#
#....###.#...#..# #.....#
........)##.###.# #.....#
.##......#..# #.# #.....#
###.#.##...## #.# #.....# #
#.#.#....####.# #.)...# #
#.....##...##a### #####..####
#####.<#####...(@h# #......#
...##....#####.##.#####.####.#
##....##..# ##..........####.###
##.##.###.###..##..####...##...##
..............###.........._....#
##.##.............)..............
...##.............)..............
#................................
>.##............................#


You could see a hound, a worker ant and a friendly spectral +6 club.

Vanquished Creatures
  Jessica (D:2)
  Natasha (twice) (D:2)
  4 adders
  An ooze (D:2)
  2 worms (D:2)
  5 dart slugs
  2 leopard geckos (D:1)
  An orc (D:3)
  8 bats (D:1)
  6 giant cockroaches
  7 goblins
  7 hobgoblins
  4 jackals (D:2)
  2 quokkas
  6 frilled lizards
  14 kobolds
  11 rats
83 creatures vanquished.

Vanquished Creatures (others)
  A bush (D:1)
1 creature vanquished.

Grand Total: 84 creatures vanquished

Notes
Turn   | Place    | Note
-------+----------+-------------------------------------------
     0 | D:1      | Leeroy the Barachi Skald began the quest for the Orb.
     0 | D:1      | Reached XP level 1. HP: 17/17 MP: 3/3
   122 | D:1      | Reached skill level 3 in Long Blades
   141 | D:1      | Reached XP level 2. HP: 16/23 MP: 5/5
   375 | D:1      | Reached skill level 4 in Long Blades
   379 | D:1      | Reached XP level 3. HP: 22/28 MP: 6/6
   394 | D:1      | Learned a level 3 spell: Spectral Weapon
  1074 | D:2      | Reached skill level 5 in Long Blades
  1114 | D:2      | Reached XP level 4. HP: 10/34 MP: 0/7
  1863 | D:2      | Noticed Natasha
  1871 | D:2      | Killed Natasha
  1871 | D:2      | Reached skill level 6 in Long Blades
  1871 | D:2      | Reached XP level 5. HP: 29/39 MP: 4/8
  2014 | D:2      | Noticed Jessica
  2025 | D:2      | Killed Jessica
  2179 | D:2      | Noticed Natasha
  2186 | D:2      | Killed Natasha
  2225 | D:2      | Found a stormy altar of Qazlal.
  2234 | D:2      | Found a blossoming altar of Fedhas.
  2238 | D:2      | Found an opulent altar of Gozag.
  2299 | D:3      | Found a burning altar of Makhleb.
  2434 | D:3      | Reached skill level 1 in Hexes
  2466 | D:3      | Found a runed gate.
  2466 | D:3      | Found a runed gate.
  2466 | D:3      | Found a runed gate.
  2472 | D:3      | Noticed CcS's ghost (amateur DDEE)
  2509 | D:3      | Found a white marble altar of Elyvilon.
  2713 | D:3      | Reached skill level 7 in Long Blades
  2801 | D:4      | Noticed a sky beast
  2811 | D:3      | HP: 1/39 [worker ant (4)]
  2812 | D:3      | Succumbed to a worker ant's poison

Vault maps used:
D:1:      shiori_arrival_elements, lexackson_kobold_supper
D:2:      grunt_temple_overflow_diamond, uniq_jessica, uniq_natasha
D:3:      overflow_temple_1_default, ebering_ghost_rock_garden, first_ration,
          elyvilon_altar_1
D:4:      corexii_shack_village, temple_green, st_stairs_13, grunt_qazlal_clouds

Skill      XL: |  1  2  3  4  5 |
---------------+----------------+-----
Long Blades    | 3 4 5 6 7 |  7.0
Hexes          | 1 |  1.0
Fighting       | |  2.4
Armour         | |  1.2
Dodging        | |  2.1
Spellcasting   | |  2.1
Charms         | |  3.2

Action                   |  1- 3 |  4- 6 || total
-------------------------+-------+-------++-------
Melee: Falchion          |   240 |    78 ||   318
       Club              |       |    66 ||    66
Throw: Stone             |       |     3 ||     3
 Cast: Infusion          |     3 |     1 ||     4
       Spectral Weapon   |       |     4 ||     4
  Use: Scroll            |       |     3 ||     3
       Potion            |       |     2 ||     2
  Eat: Chunk             |     2 |     7 ||     9
Armor: Leather armour    |    59 |    47 ||   106
Dodge: Dodged            |   143 |    94 ||   237
       Rpst.: Falchion   |    43 |     6 ||    49

Table legend:
 A = Non-vault XP
 B = Vault XP
 C = Vault XP percentage of total XP
 D = Non-vault monster count
 E = Vault monster count
 F = Vault count percentage of total count
                 A         B        C        D         E       F
            +---------+---------+-------+---------+---------+-------
      Total |     219 |      84 |  27.7 |      73 |      10 |  12.0
            +---------+---------+-------+---------+---------+-------
        D:1 |      49 |      12 |  19.7 |      30 |       8 |  21.1
        D:2 |     131 |      72 |  35.5 |      29 |       2 |   6.5
        D:3 |      39 |       0 |   0.0 |      14 |       0 |   0.0
            +---------+---------+-------+---------+---------+-------
